 Dungeon Crawl Stone Soup version 0.18-a0-1539-g1c7284a (webtiles) character file.

114 Espgualade the Skirmisher (level 4, -9/30 HPs)
             Began as a Tengu Ice Elementalist on Mar 9, 2016.
             Mangled by Crazy Yiuf
             ... wielding a +3 quarterstaff of chaos
              (18 damage)
             ... on level 3 of the Dungeon.
             The game lasted 00:08:38 (3213 turns).

Espgualade the Skirmisher (Tengu Ice Elementalist)  Turns: 3213, Time: 00:08:39

Health: -9/30      AC:  9    Str:  8    XL:     4   Next: 98%
Magic:  0/8        EV: 12    Int: 16    God:
Gold:   132        SH:  0    Dex: 15    Spells: 3 memorised, 1 level left

rFire  . . .     SeeInvis .     f - +1 short sword
rCold  . . .     Gourm    .     a - +0 robe
rNeg   . . .     Faith    .     (no shield)
rPois  .         Spirit   .     (helmet restricted)
rElec  .         Dismiss  .     g - +0 cloak
rCorr  .         Reflect  .     e - +0 pair of gloves
SustAt +         Harm     .     (boots unavailable)
MR     .....                    (no amulet)
Stlth  ++........               i - ring of sustain attributes
                                (no ring)

@: icy armour, very slightly contaminated, slow, not resistant to hostile
enchantments, unstealthy
A: beak, talons 3
a: no special abilities


You were on level 3 of the Dungeon.
You were not hungry.

You visited 1 branch of the dungeon, and saw 3 of its levels.

You collected 132 gold pieces.

Inventory:

Hand Weapons
 f - a +1 short sword (weapon)
Armour
 a - a +0 robe (worn)
 e - a +0 pair of gloves (worn)
 g - a +0 cloak (worn)
Jewellery
 i - a ring of sustain attributes (right hand)
Scrolls
 d - a scroll of amnesia
 j - 2 scrolls of recharging
 q - a scroll of teleportation {unknown}
Potions
 l - a potion of heal wounds {unknown}
 n - a potion of brilliance {unknown}
 p - a potion of magic {unknown}
Books
 b - a book of Frost

   Spells                             Type                      Level
   a - Freeze                         Ice                          1
   b - Throw Frost                    Conjuration/Ice              2
   c - Ozocubu's Armour               Charms/Ice                   3
   d - Throw Icicle                   Conjuration/Ice              4
   e - Summon Ice Beast               Ice/Summoning                4
Comestibles
 h - a meat ration
 k - 3 bread rations


   Skills:
 + Level 4.4 Fighting
 - Level 2.1 Dodging
 - Level 2.0 Stealth
 - Level 2.0 Spellcasting
 - Level 1.3 Conjurations
 - Level 2.6 Ice Magic


You had one spell level left.
You knew the following spells:

 Your Spells              Type           Power        Failure   Level  Hunger
a - Freeze                Ice            ##..         10%         1    #......
b - Throw Frost           Conj/Ice       #.....       14%         2    ###....
c - Ozocubu's Armour      Chrm/Ice       #.......     38%         3    ###....


Dungeon Overview and Level Annotations

Branches:
Dungeon (3/15)

Altars:
Qazlal

Annotations:
D:3 Crazy Yiuf


Innate Abilities, Weirdness & Mutations

You have a beak for a mouth.
You have claws for feet.


Message History

The heat melts your icy armour.
Casting: Freeze
Confirm with . or Enter, or press ? or * to list all spells.
Aiming: Freeze
Press: ? - help, Shift-Dir - straight line, f/p - Crazy Yiuf
Aim: Crazy Yiuf, wielding a quarterstaff of chaos and wearing a cloak (moderately wounded, unusually agile)
You freeze Crazy Yiuf.
Crazy Yiuf is moderately wounded.
Crazy Yiuf hits you but does no damage.
Casting: Freeze
Confirm with . or Enter, or press ? or * to list all spells.
You don't have enough magic to cast that spell.
You hit Crazy Yiuf. You peck Crazy Yiuf.
Crazy Yiuf is heavily wounded.
Crazy Yiuf says, "Crazy?
Crazy!?
PORCUPINE!"
Crazy Yiuf hits you with a quarterstaff of chaos!
* * * LOW HITPOINT WARNING * * *
You are electrocuted!
Ouch! That really hurt!
You die...

#.##+####
####.......#
...........#
####.......#
..##.......#
#####
#.##......#
#..)#
..##......#
#...#
...(......#
#.g.#
..#.....<.#
#@#
#.#.......#
♣♣.♣
#.#.......##
♣.♣♣
#.##.#'#...#
♣♣.♣
#.##.#.#...#
♣.♣♣
#..#.#)#...#
♣♣.♣♣
##.#.#.'<..#
♣.P.♣♣
##.#.###...#
♣P.P.♣
.....#.....#
#....#


You could see Crazy Yiuf.

Vanquished Creatures
  A worker ant zombie (D:3)
  3 adders
  4 worms
  2 dart slugs (D:1)
  3 giant geckos (D:2)
  An orc (D:3)
  3 giant cockroaches
  3 goblins
  8 hobgoblins
  6 jackals
  2 quokkas
  6 bats
  4 giant newts
  5 kobolds
  7 rats
58 creatures vanquished.

Notes
Turn   | Place    | Note
--------------------------------------------------------------
     0 | D:1      | Espgualade the Tengu Ice Elementalist began the quest for the Orb.
     0 | D:1      | Reached XP level 1. HP: 10/10 MP: 4/4
   191 | D:1      | Reached skill level 1 in Fighting
   461 | D:1      | Reached XP level 2. HP: 10/16 MP: 1/6
  1388 | D:2      | Found a stormy altar of Qazlal.
  1406 | D:2      | Reached skill level 2 in Fighting
  1601 | D:2      | Learned a level 2 spell: Throw Frost
  1619 | D:2      | Reached XP level 3. HP: 19/22 MP: 2/7
  1733 | D:2      | Reached skill level 3 in Fighting
  2041 | D:2      | Found a faded altar to an unknown god.
  2206 | D:2      | Reached XP level 4. HP: 28/28 MP: 8/8
  2220 | D:2      | Learned a level 3 spell: Ozocubu's Armour
  2795 | D:3      | Reached skill level 4 in Fighting
  3203 | D:3      | Noticed Crazy Yiuf
  3213 | D:3      | Mangled by Crazy Yiuf

Vault maps used:
D:1:      dpeg_arrival_radiant, serial_forest, infiniplex_forest_side_room,
          infiniplex_forest_lined_room_, infiniplex_forest_clump_curved,
          infiniplex_forest_straight_1, infiniplex_forest_straight_4,
          infiniplex_forest_lined_corner, infiniplex_forest_lined_room_2,
          fountainhead, hangedman_decor_points, item_on_display_b
D:2:      lemuel_doored_altar, ecumenical_altar_1,
          minmay_misc_feat_four_crosses, serial_bayou_pond_b
D:3:      uniq_crazy_yiuf_cottage

Skill      XL: |  1  2  3  4 |
---------------+-------------+-----
Fighting       | 1 2 3 4 |  4.4
Dodging        | |  2.1
Stealth        | |  2.0
Spellcasting   | |  2.0
Conjurations   | |  1.3
Ice Magic      | |  2.6

Action                   |  1- 3 |  4- 6 || total
-------------------------+-------+-------++-------
Melee: Short sword       |    52 |    57 ||   109
 Cast: Freeze            |    40 |    25 ||    65
       Ozocubu's Armour  |       |     2 ||     2
  Use: Scroll            |     4 |     4 ||     8
 Stab: Sleeping          |     2 |     2 ||     4
       Distracted        |     1 |       ||     1
  Eat: Bread ration      |     1 |       ||     1
       Chunk             |       |     4 ||     4
